 Dungeon Crawl Stone Soup version 0.17-a0-1850-g688e747 (webtiles) character file.

64740 nubinia the Thaumaturge (level 14, -3/101 HPs)
             Began as a Demonspawn Wizard on Sept 17, 2015.
             Was the Champion of Vehumet.
             Slain by a sixfirhy (4 damage)
             ... summoned by an orc high priest
             ... on level 4 of the Orcish Mines on Sept 18, 2015.
             The game lasted 03:23:51 (23818 turns).

nubinia the Thaumaturge (Demonspawn Wizard)        Turns: 23818, Time: 03:23:51

Health: -3/101     AC: 18    Str: 12    XL:     14   Next: 72%
Magic:  0/29       EV: 11    Int: 30    God:    Vehumet [******]
Gold:   3225       SH:  4    Dex: 13    Spells: 12 memorised, 3 levels left

rFire  . . .     SeeInvis .     C - lantern of shadows
rCold  . . .     Clarity  .     K - +2 chain mail "Epsuax" {-Tele MR+ Str+4 Int+7}
rNeg   . . .     SustAt   .     j - +0 buckler
rPois  +         Gourm    .     (helmet unavailable)
rElec  .         Spirit   .     I - +1 cloak
rCorr  .         Warding  .     Y - +3 pair of gauntlets of War {Slay+5}
rMut   .         NoTele   +     (no boots)
MR     ++...                    r - amulet of regeneration
Stlth  ..........               X - +3 ring of evasion
                                W - ring of poison resistance

@: sluggish, very slightly contaminated, repel missiles, very slow, very
resistant to hostile enchantments, extremely unstealthy
A: horns 3, icy blue scales 1, foul stench 1, spiny 1, spit poison 2,
teleportitis 1, wild magic 1, rot immunity
a: Spit Poison, Renounce Religion


You were on level 4 of the Orcish Mines.
You worshipped Vehumet.
Vehumet was exalted by your worship.
You were very hungry.

You visited 4 branches of the dungeon, and saw 22 of its levels.
You also visited: Labyrinth and Ice Cave.

You collected 3225 gold pieces.

Inventory:

Hand weapons
 a - the +6 flail "Beastslayer" {freeze, +Rage Str+9 Int-2}
   (You found it on level 7 of the Lair of Beasts)

   It has been specially enchanted to freeze those struck by it, causing extra
   injury to most foes and up to half again as much damage against particularly
   susceptible opponents.
   It can also slow down cold-blooded creatures.
   It affects your strength (+9).
   It affects your intelligence (-2).
   It lets you go berserk.
 b - a +4 flail of protection
 D - a +0 blowgun
 Z - a +5 dagger of flaming
Missiles
 L - 5 curare-tipped needles
 N - 63 poisoned needles
Armour
 j - a +0 buckler (worn)
 E - a +2 robe of cold resistance
 I - a +1 cloak (worn)
 J - a +1 robe of resistance
 K - the +2 chain mail "Epsuax" (worn) {-Tele MR+ Str+4 Int+7}
   (You found it on level 8 of the Lair of Beasts)

   It affects your strength (+4).
   It affects your intelligence (+7).
   It affects your resistance to hostile enchantments.
   It prevents most forms of teleportation.
 Y - the +3 pair of gauntlets of War (worn) {Slay+5}
   (You found it in a labyrinth)

   It affects your accuracy and damage with ranged weapons and melee attacks
   (+5).
Magical staves
 S - an uncursed staff of air
Jewellery
 c - an uncursed amulet of clarity
 l - an uncursed ring of teleportation
 r - an amulet of regeneration (around neck)
 z - an uncursed ring of magical power
 F - an uncursed amulet of warding
 H - an uncursed ring of flight
 W - a ring of poison resistance (left hand)
 X - a +3 ring of evasion (right hand)
Magical devices
 d - a wand of cold (6)
 f - a wand of lightning (3)
 i - a wand of fireball (7)
 k - a wand of draining (8)
 u - a wand of digging (14)
 w - a wand of cold (6)
 A - a wand of fireball (10)
 B - a wand of cold (3)
 T - a wand of polymorph (15)
 U - a wand of disintegration (12)
Scrolls
 e - 3 scrolls of fog
 g - a scroll of identify
 m - a scroll of recharging
 n - 3 scrolls of remove curse
 G - 9 scrolls of teleportation
 M - a scroll of fear
 Q - 3 scrolls of holy word
 R - a scroll of blinking
Potions
 o - 4 potions of curing
 p - 2 potions of flight
 s - 4 potions of ambrosia
 t - a potion of haste
 v - 2 potions of resistance
 x - 3 potions of heal wounds
 O - a potion of brilliance
 P - a potion of invisibility
Books
 y - a book of Ice

   Spells                             Type                      Level
   a - Ice Form                       Ice/Transmutation            4
   b - Metabolic Englaciation         Hexes/Ice                    5
   c - Ozocubu's Refrigeration        Ice                          6
   d - Bolt of Cold                   Conjuration/Ice              6
   e - Freezing Cloud                 Conjuration/Ice/Air          6
   f - Simulacrum                     Ice/Necromancy               6
Miscellaneous
 C - a lantern of shadows (in hand)
 V - a lamp of fire
Comestibles
 h - 14 beef jerkies


   Skills:
 + Level 6.3 Fighting
 + Level 4.5 Short Blades
 + Level 2.7 Maces & Flails
 + Level 0.5 Throwing
 * Level 3.3 Armour
 + Level 9.4 Dodging
 + Level 9.8 Stealth
 + Level 2.7 Shields
 + Level 11.5 Spellcasting
 + Level 9.9 Conjurations
 + Level 3.3 Hexes
 + Level 0.3 Charms
   Level 1.0 Summonings
 * Level 10.4 Necromancy
   Level 1.1 Translocations
 + Level 0.1 Fire Magic
 + Level 6.7 Air Magic
 - Level 3.0 Poison Magic
 + Level 0.2 Evocations


You had 3 spell levels left.
You knew the following spells:

 Your Spells              Type           Power        Failure   Level  Hunger
a - Magic Dart            Conj           ####         1%          1    None
b - Shock                 Conj/Air       ####         3%          1    None
c - Mephitic Cloud        Conj/Pois/Air  ###.....     13%         3    None
d - Bolt of Draining      Conj/Necr      ####......   28%         5    ##.....
e - Conjure Flame         Conj/Fire      ###.....     28%         3    None
f - Dazzling Spray        Conj/Hex       ###.....     11%         3    None
g - Static Discharge      Conj/Air       ####....     7%          3    None
h - Swiftness             Chrm/Air       ##......     71%         2    None
i - Fireball              Conj/Fire      ###.......   97%         5    ##.....
r - Repel Missiles        Chrm/Air       ##....       71%         2    None
D - Animate Dead          Necr           N/A          34%         4    None
S - Animate Skeleton      Necr           N/A          5%          1    None


Dungeon Overview and Level Annotations

Branches:
Dungeon (9/15)             Temple (1/1) D:5            Lair (8/8) D:9
  Swamp (0/4) Lair:5        Snake (0/4) Lair:5        Slime (0/6) Lair:6
    Orc (4/4) D:9             Elf (0/3) Orc:3

Altars:
Ashenzari
Cheibriados
Fedhas
Gozag
Kikubaaqudgha
Nemelex Xobeh
Okawaru
Ru
Sif Muna
Trog
Vehumet
Xom
Yredelemnul
Zin
The Shining One
Jiyva

Shops:
D:4 }   D:7 !   D:9 (

Annotations:
D:4 Menkaure
D:6 shakdrar's ghost, experienced DEFE


Innate Abilities, Weirdness & Mutations

You have a pair of large horns on your head.
You are partially covered in icy blue scales (AC +1).
You may emit foul miasma when damaged in melee.
You are partially covered in sharp spines.
You are immune to rotting.
You can spit poison.
You are occasionally teleported to nearby monsters.
Your spells are a little harder to cast, but a little more powerful.


Message History

Zapping:
w - a wand of cold (7)
Press: ? - help, Shift-Dir - straight line, f - neqoxec, p - orc high priest
Aim: a neqoxec (summoned)
The bolt of cold hits the orc high priest.
You kill the orc high priest!
Vehumet accepts your kill.
The bolt of cold hits the orc high priest.
The orc high priest is severely wounded.
The bolt of cold hits the neqoxec.
The neqoxec is heavily wounded.
This wand has 6 charges left.
The sixfirhy hits you!
* * * LOW HITPOINT WARNING * * *
The sixfirhy shocks you!
* * * LOW HITPOINT WARNING * * *
The sixfirhy is struck by your spines. The sixfirhy hits you!
* * * LOW HITPOINT WARNING * * *
The sixfirhy shocks you!
* * * LOW HITPOINT WARNING * * *
The sixfirhy hits you.
You die...

##.#####...........).
#...#.##.............
##...................
###...................
###.#..........#........
##.......................
#...).)...)3.............
##.#.....5o5...o#........
##....#@4#............##
#.......ยง.............##
##....#................#
###.####...##...##.#.##
### ###############


You could see an orc high priest, a sixfirhy, a neqoxec, a quasit and a shadow
imp.

Vanquished Creatures
  Kirke (Lair:7)
  Erolcha (D:8)
  A minotaur (Lab)
  4 hydras
  8 death yaks
  4 orc high priests (Orc:4)
  An ice statue (IceCv)
  A lindwurm (Lair:8)
  A griffon (Lair:7)
  7 orc knights (Orc:4)
  11 elephants
  4 black mambas
  A torpor snail (Lair:8)
  8 spiny frogs
  2 komodo dragons
  A kobold demonologist (D:9)
  3 fire drakes
  A minotaur zombie (Lab)
  11 polar bears (IceCv)
  A troll (Orc:1)
  21 blink frogs
  2 boulder beetles (Lair:8)
  38 yaks
  2 basilisks
  A steam dragon (D:9)
  11 hippogriffs
  6 wargs (Orc:4)
  5 vampire mosquitoes (Lair:5)
  25 wolves
  2 nagas (Lair:5)
  10 porcupines
  14 water moccasins
  29 orc warriors
  A phantom (D:7)
  2 sky beasts
  An ice beast (D:5)
  A black bear (D:9)
  5 ogres
  2 centaurs
  5 big kobolds
  12 crocodiles
  A brain worm (Lair:5)
  18 giant frogs
  A gnoll sergeant (D:8)
  3 scorpions
  11 killer bees
  15 wights
  46 orc priests
  A centaur zombie (D:6)
  6 jellies
  2 giant frog skeletons
  Crazy Yiuf (D:7)
  Ijyb (D:3)
  4 hounds
  6 hell rats
  13 worker ants
  40 orc wizards
  A gnoll shaman (D:5)
  17 iguanas
  28 sheep
  A hound zombie (D:7)
  3 hound skeletons
  12 gnolls
  7 adders
  54 river rats
  A shadow imp (D:8)
  9 oozes
  6 worms
  14 giant geckos
  153 orcs
  2 ball pythons
  6 giant cockroaches
  6 goblins
  8 hobgoblins
  8 jackals
  24 kobolds
  6 quokkas
  8 bats
  A giant gecko skeleton (D:3)
  A giant gecko zombie (D:6)
  2 giant newts (D:4)
  A jackal skeleton (D:4)
  A quokka skeleton (D:8)
  3 quokka zombies
  8 rats
  2 fungi
829 creatures vanquished.

Vanquished Creatures (collateral kills)
  Snorg (Lair:7)
  2 hydras
  3 death yaks
  A lindwurm (Lair:6)
  3 elephants (Lair:8)
  A spiny frog (Lair:8)
  A komodo dragon (Lair:8)
  2 fire drakes (Lair:8)
  3 polar bears
  A giant leech (Lair:8)
  2 boulder beetles (Lair:8)
  6 blink frogs
  15 yaks
  3 basilisks
  A wyvern (Lair:8)
  2 hippogriffs
  2 water moccasins
  A warg (Orc:4)
  6 wolves
  A porcupine (Lair:7)
  7 orc warriors (Orc:4)
  2 crocodiles
  A giant frog (Lair:2)
  An electric eel (Lair:8)
  6 orc priests
  An iguana (Lair:5)
  An orc wizard (Orc:4)
  13 sheep
  9 river rats
  9 orcs
  A rat (Lair:1)
  2 butterflies (Lair:4)
  5 fungi
115 creatures vanquished.

Vanquished Creatures (others)
  A porcupine (Lair:7)
  5 humans
  A hound (D:6)
  2 worker ants (D:6)
  A quokka (D:6)
  7 fungi
  2 plants
19 creatures vanquished.

Grand Total: 963 creatures vanquished

Notes
Turn   | Place    | Note
--------------------------------------------------------------
     0 | D:1      | nubinia the Demonspawn Wizard began the quest for the Orb.
     0 | D:1      | Reached XP level 1. HP: 13/13 MP: 4/4
   286 | D:1      | Gained mutation: You are partially covered in sharp spines. [demonic ancestry]
   286 | D:1      | Reached XP level 2. HP: 11/19 MP: 0/6
   290 | D:1      | Learned a level 2 spell: Repel Missiles
  1276 | D:2      | Reached XP level 3. HP: 24/24 MP: 8/8
  1281 | D:2      | Learned a level 3 spell: Conjure Flame
  1707 | D:2      | Found a bloodstained altar of Trog.
  2267 | D:3      | Found a glowing silver altar of Zin.
  2856 | D:3      | Noticed Ijyb
  2959 | D:3      | Killed Ijyb
  2959 | D:3      | Reached skill level 4 in Spellcasting
  2959 | D:3      | Gained mutation: You have a pair of small horns on your head. [demonic ancestry]
  2959 | D:3      | Reached XP level 4. HP: 22/30 MP: 10/10
  3112 | D:4      | Found Teowk's Gadget Emporium.
  3112 | D:4      | Noticed Menkaure
  3154 | D:4      | Found an ancient bone altar of Kikubaaqudgha.
  3155 | D:4      | Noticed a human
  3157 | D:4      | Killed a human
  3366 | D:4      | Learned a level 3 spell: Mephitic Cloud
  3390 | D:4      | Reached XP level 5. HP: 35/35 MP: 7/11
  3518 | D:4      | Noticed an orc warrior
  3767 | D:4      | Reached skill level 1 in Fighting
  3818 | D:4      | Reached XP level 6. HP: 43/43 MP: 9/12
  3841 | D:4      | Learned a level 2 spell: Blink
  4143 | D:4      | Killed an orc warrior
  4143 | D:4      | Reached skill level 1 in Air Magic
  4258 | D:4      | Gained mutation: You are immune to rotting. [demonic ancestry]
  4258 | D:4      | Reached XP level 7. HP: 50/50 MP: 14/14
  4280 | D:4      | Reached skill level 1 in Short Blades
  4426 | D:4      | Reached skill level 1 in Poison Magic
  4572 | D:4      | Reached skill level 5 in Spellcasting
  4637 | D:4      | Found an opulent altar of Gozag.
  4840 | D:5      | Entered Level 5 of the Dungeon
  4840 | D:5      | Found a sacrificial altar of Ru.
  5119 | D:5      | Found a shattered altar of Ashenzari.
  5169 | D:5      | Found a basalt altar of Yredelemnul.
  5462 | D:5      | Gained mutation: You are partially covered in icy blue scales (AC +1). [demonic ancestry]
  5462 | D:5      | Reached XP level 8. HP: 57/57 MP: 10/16
  5743 | D:5      | Found a viscous altar of Jiyva.
  6030 | D:5      | Found a sparkling altar of Nemelex Xobeh.
  6187 | D:5      | Found a staircase to the Ecumenical Temple.
  6198 | Temple   | Entered the Ecumenical Temple
  6235 | Temple   | Became a worshipper of Vehumet
  6548 | D:6      | Found a shimmering altar of Xom.
  6564 | D:6      | Reached skill level 1 in Translocations
  6709 | D:6      | Noticed shakdrar's ghost (experienced DEFE)
  6765 | D:7      | Reached skill level 6 in Spellcasting
  6817 | D:7      | Acquired Vehumet's first power
  6817 | D:7      | Offered knowledge of Shock by Vehumet.
  6820 | D:7      | Learned a level 1 spell: Shock
  6938 | D:7      | Noticed Crazy Yiuf
  6945 | D:7      | Killed Crazy Yiuf
  7102 | D:7      | Found a shimmering altar of Xom.
  7128 | D:7      | Found Vaegowe's Distillery.
  7133 | D:7      | Gained mutation: Your spells are a little harder to cast, but a little more powerful. [potion of mutation]
  7133 | D:7      | Gained mutation: You are dopey. (Int -2) [potion of mutation]
  7133 | D:7      | Gained mutation: You can spit weak poison. [potion of mutation]
  7233 | D:7      | Reached XP level 9. HP: 59/63 MP: 6/18
  7367 | D:7      | Found a snail-covered altar of Cheibriados.
  7515 | D:8      | Reached skill level 5 in Dodging
  7529 | D:8      | Reached skill level 5 in Conjurations
  7614 | D:8      | Offered knowledge of Sting by Vehumet.
  7723 | D:8      | Found a glowing golden altar of the Shining One.
  7825 | D:8      | Reached skill level 5 in Stealth
  7936 | D:8      | Noticed Erolcha
  7948 | D:8      | Killed Erolcha
  7969 | D:8      | Found a blossoming altar of Fedhas.
  7974 | D:8      | Gained mutation: You may emit foul miasma when damaged in melee. [demonic ancestry]
  7974 | D:8      | Reached XP level 10. HP: 65/70 MP: 20/20
  8050 | D:8      | Reached skill level 1 in Shields
  8141 | D:8      | Reached skill level 7 in Spellcasting
  8154 | D:8      | Offered knowledge of Dazzling Spray by Vehumet.
  8159 | D:8      | Learned a level 3 spell: Dazzling Spray
  8231 | D:8      | Found a deep blue altar of Sif Muna.
  8495 | D:6      | Acquired Vehumet's second power
  8718 | D:6      | Offered knowledge of Fulminant Prism by Vehumet.
  8958 | D:9      | Found Anwi Hei's Weapon Boutique.
  8958 | D:9      | Found a staircase to the Orcish Mines.
  9013 | D:9      | Learned a level 3 spell: Static Discharge
  9016 | D:9      | Learned a level 2 spell: Swiftness
  9538 | D:9      | Acquired Vehumet's third power
  9642 | D:9      | Offered knowledge of Sticky Flame by Vehumet.
  9677 | D:9      | Found a staircase to the Lair.
 10255 | Lair:1   | Entered Level 1 of the Lair of Beasts
 10267 | Lair:1   | Reached skill level 8 in Spellcasting
 10279 | Lair:1   | Reached skill level 5 in Air Magic
 10378 | Lair:1   | Gained mutation: You have a pair of horns on your head. [demonic ancestry]
 10378 | Lair:1   | Reached XP level 11. HP: 53/76 MP: 15/23
 10590 | Lair:1   | Learned a level 1 spell: Animate Skeleton
 10694 | Lair:1   | Identified the Incunabulum of the Snowflakes and Unholy Secrets
 11264 | Lair:2   | Found a frozen archway.
 11292 | IceCv    | Entered an ice cave
 11328 | IceCv    | Reached skill level 1 in Necromancy
 11390 | IceCv    | Noticed a death yak
 11472 | IceCv    | Killed a death yak
 11472 | IceCv    | Offered knowledge of Fireball by Vehumet.
 11787 | IceCv    | Noticed an ice statue
 11795 | IceCv    | Learned a level 5 spell: Fireball
 11800 | IceCv    | Killed an ice statue
 11800 | IceCv    | Reached skill level 9 in Spellcasting
 11871 | IceCv    | Noticed a death yak
 11904 | IceCv    | Killed a death yak
 11904 | IceCv    | Reached XP level 12. HP: 76/84 MP: 22/25
 11968 | IceCv    | Noticed a frost giant
 12645 | Lair:2   | Reached skill level 5 in Necromancy
 12828 | Lair:2   | Gained mutation: Your muscles are strong. (Str +2) [potion of mutation]
 12828 | Lair:2   | Gained mutation: You can spit poison. [potion of mutation]
 12828 | Lair:2   | Lost mutation: You are dopey. (Int -2) [potion of mutation]
 13619 | Lair:3   | Reached skill level 1 in Hexes
 13941 | Lair:3   | Noticed a six-headed hydra
 13954 | Lair:3   | Killed a six-headed hydra
 14099 | Lair:3   | Offered knowledge of Bolt of Draining by Vehumet.
 14361 | Lair:3   | Learned a level 5 spell: Bolt of Draining
 15138 | Lair:5   | Reached skill level 10 in Spellcasting
 15176 | Lair:5   | Found a staircase to the Snake Pit.
 15308 | Lair:5   | Found a staircase to the Swamp.
 15610 | Lair:5   | Reached XP level 13. HP: 90/90 MP: 21/27
 16347 | Lair:4   | Upgraded the game from 0.17-a0-1842-gacc33f2 to 0.17-a0-1850-g688e747
 16868 | Lair:6   | Found a radiant altar of Vehumet.
 16878 | Lair:6   | Reached skill level 5 in Fighting
 16937 | Lair:6   | Found a labyrinth entrance.
 16942 | Lab      | Entered a labyrinth
 17434 | Lair:6   | Found a staircase to the Slime Pits.
 17587 | Lair:6   | Offered knowledge of Bolt of Fire by Vehumet.
 18321 | Lair:7   | Noticed Kirke
 18331 | Lair:7   | Killed Kirke
 18460 | Lair:7   | Your ally Kirke died
 18833 | Lair:7   | Got a fine flail
 18834 | Lair:7   | Identified the +6 flail "Beastslayer" {freeze, +Rage Str+9 Int-2} (You found it on level 7 of the Lair of Beasts)
 18978 | Lair:7   | Noticed Snorg
 18987 | Lair:7   | Killed Snorg
 19099 | Lair:7   | Your ally Snorg died
 19416 | Lair:8   | Entered Level 8 of the Lair of Beasts
 19456 | Lair:8   | Offered knowledge of Bolt of Magma by Vehumet.
 19479 | Lair:8   | Reached skill level 1 in Maces & Flails
 19514 | Lair:8   | Reached skill level 11 in Spellcasting
 19674 | Lair:8   | Gained mutation: You have a pair of large horns on your head. [demonic ancestry]
 19674 | Lair:8   | Reached XP level 14. HP: 99/99 MP: 29/29
 20189 | Lair:8   | Got a black opal-encrusted chain mail
 20190 | Lair:8   | Identified the +2 chain mail "Epsuax" {-Tele MR+ Str+4 Int+7} (You found it on level 8 of the Lair of Beasts)
 20301 | Lair:8   | Reached skill level 1 in Armour
 21023 | Orc:1    | Entered Level 1 of the Orcish Mines
 21411 | Lair:2   | Learned a level 4 spell: Animate Dead
 21948 | Orc:3    | Found a staircase to the Elven Halls.
 22359 | Orc:2    | Offered knowledge of Poisonous Cloud by Vehumet.
 22865 | Orc:4    | Entered Level 4 of the Orcish Mines
 23315 | Orc:4    | Offered knowledge of Delayed Fireball by Vehumet.
 23326 | Orc:3    | Reached skill level 10 in Necromancy
 23813 | Orc:4    | Lost mutation: Your muscles are strong. (Str +2) [a neqoxec]
 23814 | Orc:4    | Gained mutation: You are occasionally teleported to nearby monsters. [a neqoxec]
 23818 | Orc:4    | HP: 1/101 [sixfirhy[an orc high priest] (7)]
 23818 | Orc:4    | Slain by a sixfirhy

Vault maps used:
D:1:      minmay_arrival_four_circles, minmay_crystal_room, minivault_14,
          kennysheep_minor_cross
D:2:      trog_book
D:3:      zin_scriptorium, uniq_iyjb
D:4:      corexii_shack_village, grunt_gozag_breadcrumbs, serial_shops,
          nicolae_shop_crystal, tgw_kikubaaqudgha, uniq_menkaure
D:5:      kennysheep_mini_moat, nemelex_xobeh_ov_fountains_minmay,
          ashenzari_altar_1, nicolae_ru_awakened_eye, temple_hall, first_bread,
          jiyva_altar_1
D:6:      minmay_flawed_box, xom_confusion_cloud
D:7:      lemuel_round_altar, serial_shops, nicolae_shop_stone, basic_altar,
          uniq_crazy_yiuf_cottage
D:8:      lemuel_blue_sif_altar, lemuel_coloured_pillars_altar,
          hangedman_tree_tricks, uniq_erolcha
D:9:      erik_lair_dragon, orc_david_3, evilmike_butchery
Temple:   minmay_temple_curvy_8
Lair:1:   kennysheep_rathole, serial_bayou_shore_b
Lair:2:   portal_ice_cave_entry_pillars_02, grunt_forest_stairs_basic,
          grunt_megastairs_3
Lair:4:   infiniplex_staircase_pool_2, lemuel_fruit_fields
Lair:5:   minmay_swamp_entry_swarm, minmay_snake_entry_guardpost_small,
          infiniplex_staircase_pool
Lair:6:   nicolae_slime_entry_slimehenge, basic_altar, lab_entry_generic
Lair:7:   statuecave_lemuel, uniq_kirke, uniq_snorg
Lair:8:   hangedman_lair_in_review, nicolae_quartered_pool_little
Orc:3:    nicolae_orc_pool_cavern
Orc:4:    st_orc_pillars, mines5_lemuel
Lab:      labyrinth_hidden_loot, nicolae_lab_do_over, nicolae_lab_stuck
IceCv:    ice_cave_caverns_01

Action                   |  1- 3 |  4- 6 |  7- 9 | 10-12 | 13-15 || total
-------------------------+-------+-------+-------+-------+-------++-------
Melee: Unarmed           |    27 |       |       |       |       ||    27
       Dagger            |    58 |    72 |   271 |   497 |   142 ||  1040
       Flail             |       |       |       |       |   452 ||   452
 Fire: Blowgun           |       |       |       |     8 |     2 ||    10
 Cast: Magic Dart        |    66 |    44 |   127 |    46 |     9 ||   292
       Repel Missiles    |     1 |       |     2 |       |       ||     3
       Mephitic Cloud    |       |     4 |    31 |    94 |   105 ||   234
       Shock             |       |       |    19 |   163 |    29 ||   211
       Blink             |       |       |     1 |       |       ||     1
       Animate Skeleton  |       |       |       |    70 |    95 ||   165
       Fireball          |       |       |       |     7 |       ||     7
       Dazzling Spray    |       |       |       |    42 |    61 ||   103
       Bolt of Draining  |       |       |       |     4 |    19 ||    23
       Swiftness         |       |       |       |     1 |     2 ||     3
       Animate Dead      |       |       |       |       |    28 ||    28
 Abil: Evoke Teleportati |       |       |       |       |     1 ||     1
       Evoke Flight      |       |       |       |       |     1 ||     1
Evoke: Wand              |       |       |     1 |     1 |     4 ||     6
       Lamp of fire      |       |       |       |       |     1 ||     1
  Use: Scroll            |     4 |     1 |    12 |     8 |    10 ||    35
       Potion            |       |     1 |     4 |     6 |     1 ||    12
 Stab: Sleeping          |     3 |     3 |     3 |    13 |     8 ||    30
       Confused          |       |     1 |     8 |    36 |    36 ||    81
       Distracted        |       |       |     1 |     3 |     3 ||     7
       Invisible         |       |       |       |     2 |     1 ||     3
  Eat: Chunk             |     6 |     5 |    14 |    30 |    31 ||    86
       Beef jerky        |       |       |       |     1 |     2 ||     3
       Pizza             |       |       |       |     1 |       ||     1
       Fruit             |       |       |       |       |     1 ||     1
